 Dungeon Crawl Stone Soup version 0.27.0-1-g7a089689b8 (webtiles) character file.

Game seed: 8025367570472848112

60 trckry the Grasshopper (level 4, 0/44 HPs)
             Began as an Ogre Warper on Aug 9, 2021.
             Was an Initiate of Ashenzari.
             Succumbed to an adder's poison
             ... on level 1 of the Dungeon.
             The game lasted 00:04:24 (2183 turns).

trckry the Grasshopper (Ogre Warper)                Turns: 2183, Time: 00:04:24

Health: 0/44       AC:  3    Str: 15    XL:     4   Next: 6%
Magic:  7/7        EV:  9    Int: 15    God:    Ashenzari [......]
Gold:   64         SH:  0    Dex:  8    Spells: 7/7 levels left

rFire    . . .     SeeInvis .   f - +0 long sword
rCold    . . .     Faith    .   (no shield)
rNeg     . . .     Spirit   .   b - +0 robe
rPois    .         Reflect  .   (helmet restricted)
rElec    .         Harm     .   (no cloak)
rCorr    .         Rampage  .   (gloves unavailable)
Will     .....                  (boots unavailable)
Stlth    +.........             (no amulet)
HPRegen  0.14/turn              (no ring)
MPRegen  0.10/turn              (no ring)

@: lethally poisoned (0 -> -2)
A: large, unfitting armour, tough skin 1
a: Renounce Religion, Curse Item


You were on level 1 of the Dungeon.
You worshipped Ashenzari.
Ashenzari was noncommittal.
You visited 1 branch of the dungeon, and saw 2 of its levels.

You collected 64 gold pieces.

Inventory:

Hand Weapons
 a - a +0 mace
 f - a +0 long sword (weapon)
Missiles
 d - 5 boomerangs of dispersal
 e - 18 poisoned darts
 j - 5 curare-tipped darts (quivered)
Armour
 b - a +0 robe (worn)
Scrolls
 c - a scroll of blinking
 g - a scroll of enchant armour
 h - a scroll of vulnerability
 i - a scroll of amnesia
 k - a scroll of silence


   Skills:
 - Level 2.6 Fighting
 * Level 2.9 Maces & Flails
 + Level 1.2 Throwing
 - Level 2.1 Dodging
 - Level 2.4 Spellcasting
 * Level 3.5 Translocations


You had 7 spell levels left.
You didn't know any spells.
Your spell library contained the following spells:

 Spells                   Type           Power      Damage    Failure   Level
 Blink                    Tloc           N/A        N/A       8%          2
 Gell's Gravitas          Tloc           6%         N/A       14%         3
 Lesser Beckoning         Tloc           6%         N/A       14%         3
 Teleport Other           Tloc           12%        N/A       14%         3
 Manifold Assault         Tloc           12%        N/A       80%         5


Dungeon Overview and Level Annotations

Branches:
Dungeon (2/15)

Altars:
Ashenzari


Innate Abilities, Weirdness & Mutations

You are too large for most types of armour.
You have tough skin. (AC +1)


Message History

You throw a curare-tipped dart.
The curare-tipped dart closely misses the adder.
The adder barely misses you.
Throw: 3 darts (curare)
Press: ? - help, Q - select action, (/) - cycle Shift-Dir - straight line, f/p - adder
Aim: an adder (almost dead, 32% to hit)
You throw a curare-tipped dart.
The curare-tipped dart misses the adder.
The adder bites you.
* * * LOW HITPOINT WARNING * * *
You are lethally poisoned!
The adder poisons you!
You take 1 damage, and have 5/36 hp.
Throw: 2 darts (curare)
Press: ? - help, Q - select action, (/) - cycle Shift-Dir - straight line, f/p - adder
Aim: an adder (almost dead, 32% to hit)
You throw a curare-tipped dart. The curare-tipped dart hits the adder.
The adder is poisoned.
The adder convulses.
You kill the adder!
* * * LOW HITPOINT WARNING * * *
You feel sick.
You have reached level 4!
You take 1 damage, and have 4/44 hp.
MP restored: 7
* * * LOW HITPOINT WARNING * * *
You feel sick.
You take 1 damage, and have 3/44 hp.
You aren't carrying any potions.
* * * LOW HITPOINT WARNING * * *
You feel sick.
You see here 4 curare-tipped darts.
You take 1 damage, and have 2/44 hp.
j - 5 curare-tipped darts (gained 4)
* * * LOW HITPOINT WARNING * * *
You feel sick.
* * * LOW HITPOINT WARNING * * *
You feel sick.
You take 1 damage, and have 1/44 hp.
You die...

# #.# #...........
#############.###############.
####...........................#.
)†.............................#.
####.....#####.................#.
#.....#...#.................#.
#.....#.8.#######...........#.
#.....#.........#..♣.♣.♣.♣..##
#.....##.....@..##............
#.⌠....#.........'...........#
#..⌠...#...<.....'............
#.⌠....#.........'..........>.
####.....##........##...........#
.........#.........#..♣.♣.♣.♣...#
.###.....#.8.#######............#
.........#...#..................#
####.....#####..................#


There were no monsters in sight!

Vanquished Creatures
  An adder (D:1)
  2 dart slugs (D:2)
  2 ball pythons (D:1)
  4 endoplasms
  5 goblins
  6 hobgoblins
  8 jackals
  7 kobolds
  2 quokkas (D:2)
  A bat (D:1)
  A frilled lizard (D:2)
  2 rats
41 creatures vanquished.

Notes
Turn   | Place    | Note
-------+----------+-------------------------------------------
     0 | D:1      | trckry the Ogre Warper began the quest for the Orb.
     0 | D:1      | Reached XP level 1. HP: 22/22 MP: 3/3
   255 | D:1      | Reached XP level 2. HP: 29/29 MP: 5/5
   329 | D:1      | Reached skill level 3 in Translocations
   990 | D:1      | Reached XP level 3. HP: 27/36 MP: 6/6
  1006 | D:1      | Found a faded altar of an unknown god.
  1143 | D:1      | Became a worshipper of Ashenzari the Shackled
  1536 | D:2      | HP: 4/36 [jackal (3)]
  1544 | D:2      | HP: 3/36 [jackal (2)]
  2177 | D:1      | HP: 5/36 [adder (1)]
  2179 | D:1      | Reached XP level 4. HP: 4/44 MP: 7/7
  2180 | D:1      | HP: 2/44 [poisoned by an adder]
  2183 | D:1      | Succumbed to an adder's poison

Illustrated notes

Levels and vault maps discovered:
D:1:      wander_arrival_estate, layout_loops_ring,
          dreamdust_ecumenical_altar_hidden_monk_grotto
D:2:      minmay_evil_eye, layout_rooms, minmay_door_square

Skill      XL: |  1  2 |
---------------+-------+-----
Maces & Flails | 2 |  2.9
Translocations | 3 |  3.5
Fighting       | |  2.6
Throwing       | |  1.2
Dodging        | |  2.1
Spellcasting   | |  2.4

Action                   |  1- 3 |  4- 6 || total
-------------------------+-------+-------++-------
Melee: Mace              |    14 |       ||    14
       Long sword        |   105 |       ||   105
Throw: Dart              |    22 |       ||    22
Armor: Robe              |    46 |       ||    46
Dodge: Dodged            |    85 |       ||    85
       Rpst.: Long sword |    27 |       ||    27
